 Dungeon Crawl Stone Soup version 0.30.1-11-g7821555f0a (webtiles) character file.

Game seed: 17498179862288409205

53 Nonny the Ruffian (level 3, -3/28 HPs)
             Began as a Demonspawn Gladiator on Oct 28, 2023.
             Slain by Natasha (8 damage)
             ... on level 2 of the Dungeon.
             The game lasted 00:02:33 (1059 turns).

Nonny the Ruffian (Demonspawn Gladiator)            Turns: 1059, Time: 00:02:34

Health: -3/28      AC:  5    Str: 16    XL:     3   Next: 64%
Magic:  3/3        EV: 12    Int:  9    God:
Gold:   49         SH:  4    Dex: 14    Spells: 2/2 levels left

rFire   . .          .
                       - Unarmed
rCold   x . .        (no shield)
rNeg    . . .        a - +0 leather armour
rPois   .            b - +0 helmet
rElec   .            (no cloak)
rCorr   .            (no gloves)
SInv    .            k - +0 pair of boots
Will    .....        (no amulet)
Stlth   +            (no ring)
HPRegen 0.24/turn    (no ring)
MPRegen 0.08/turn

%: no passive effects
@: no status effects
A: condensation shield, cold vulnerability 1, MP-powered wands
a: no special abilities


You were on level 2 of the Dungeon.
You visited 1 branch of the dungeon, and saw 2 of its levels.

You collected 49 gold pieces.

Inventory:

Missiles
 c - 3 throwing nets (quivered)
 d - a javelin
Armour
 a - a +0 leather armour (worn)
 b - a +0 helmet (worn)
 k - a +0 pair of boots (worn)
Scrolls
 g - a scroll of magic mapping {unknown}
 j - 2 scrolls of identify {unknown}
Potions
 e - a potion of flight {unknown}
 f - a potion of resistance {unknown}
 h - a potion of haste {unknown}
 i - a potion of mutation


   Skills:
 + Level 2.6 Fighting
 - Level 1.7 Throwing
 + Level 1.3 Armour
 - Level 2.6 Dodging
 + Level 0.1 Shields
 - Level 3.5 Unarmed Combat


You had 2 spell levels left.
You didn't know any spells.
Your spell library was empty.

Dungeon Overview and Level Annotations

Branches:
Dungeon (2/15)

Altars:

Annotations:
D:2 Natasha


Innate Abilities, Weirdness & Mutations

A meltable shield of frost defends you. (SH +4)
You are vulnerable to cold. (rC-)
You expend magic power (3 MP) to strengthen your wands.


Message History

There is a stone staircase leading down here.
You start resting.
HP restored.
You climb downwards.
Level annotation: Natasha The bat hits you but does no damage.
Natasha claws you.
There is a stone staircase leading up, spattered with blood here.
You barely miss Natasha. The bat closely misses you.
The bat hits you but does no damage. Natasha claws you but does no damage.
You closely miss Natasha. The bat hits you. You block the bat's attack.
You hit Natasha.
Natasha is moderately wounded.
The bat barely misses you. The bat misses you. The bat hits you.
Natasha claws you but does no damage. The bat barely misses you.
You barely miss Natasha.
Natasha is moderately wounded.
The bat barely misses you. The bat closely misses you. Natasha claws you.
You hit Natasha.
Natasha is severely wounded.
The bat hits you but does no damage. The bat completely misses you.
Natasha misses you.
You hit Natasha.
Natasha is almost dead.
The bat closely misses you. The bat barely misses you.
Natasha stares at you and mumbles some strange words.
The magic dart hits you!
* * * LOW HITPOINT WARNING * * *
The bat closely misses you. x2
You closely miss Natasha.
Natasha is almost dead.
The bat hits you.
* * * LOW HITPOINT WARNING * * *
The bat hits you but does no damage. Natasha barely misses you.
Unknown command.
It was a potion of mutation.
You feel extremely strange.
You feel vulnerable to cold.
You feel your magical essence link to the dungeon's wands.
The bat barely misses you. The bat misses you.
The bat hits you but does no damage. Natasha claws you!
You die...

#.. .. .# #
###### #.##.#
.#.....#.....#
.............+#
......b........
......b@......<
.......h.......
...............
...............
...............
...............
.#......#...$.#
.#...#.#######


You could see Natasha and 2 bats.

Vanquished Creatures
  A gnoll (D:1)
  An adder (D:1)
  A worm (D:1)
  A dart slug (D:1)
  4 endoplasms (D:1)
  2 giant cockroaches (D:1)
  A hobgoblin (D:1)
  2 jackals (D:1)
  A quokka (D:1)
  A ball python (D:2)
  4 bats (D:1)
  2 frilled lizards (D:1)
  3 goblins
  2 kobolds (D:1)
  3 rats (D:1)
29 creatures vanquished.

Notes
Turn   | Place    | Note
-------+----------+-------------------------------------------
     0 | D:1      | Nonny the Demonspawn Gladiator began the quest for the Orb.
     0 | D:1      | Reached XP level 1. HP: 16/16 MP: 1/1
    13 | D:1      | Starting vault: plants by the water
   118 | D:1      | Reached skill level 3 in Unarmed Combat
   161 | D:1      | Gained mutation: A meltable shield of frost defends you.
                  | (SH +4) [demonic ancestry]
   161 | D:1      | Reached XP level 2. HP: 12/22 MP: 2/2
   795 | D:1      | Reached skill level 1 in Armour
   795 | D:1      | Reached XP level 3. HP: 28/28 MP: 3/3
   932 | D:2      | Noticed Natasha
  1059 | D:2      | Gained mutation: You are vulnerable to cold. (rC-) [potion
                  | of mutation]
  1059 | D:2      | Gained mutation: You expend magic power (3 MP) to
                  | strengthen your wands. [potion of mutation]
  1059 | D:2      | Slain by Natasha

Illustrated notes

### .. #.##
#######..########
#P.............P#
#~P...........P~#
#≈≈P.....@...P~~#
#≈~~P.......P~~~#
#≈≈~~P.....P~~≈≈#
#≈≈≈≈~P.<.P≈~≈≈≈#
#≈≈~~P.....P≈≈≈≈#
#≈≈~P.......P~~≈#
#≈~P.........P≈~#
#~P...........P≈#
#P.............P#


Turn 13 on D:1: Starting vault: plants by the water

Levels and vault maps discovered:
D:1:      eino_arrival_druids_welcome, layout_basic
D:2:      layout_rooms, minivault_11, grunt_ministairs_11,
          lexackson_kobold_supper, uniq_natasha

Skill      XL: |  1  2 |
---------------+-------+-----
Unarmed Combat | 3 |  3.5
Armour         | 1 |  1.3
Fighting       | |  2.6
Throwing       | |  1.7
Dodging        | |  2.6
Shields        | |  0.1

Action                     || total
---------------------------++-------
  Melee: Unarmed           ||   120
         Punch             ||     4
    Use: Potion            ||     1
   Stab: Sleeping          ||     1
 Armour: Leather armour    ||    44
  Dodge: Dodged            ||    90
  Block: Other             ||    14
